 Dungeon Crawl Stone Soup version 0.31-a0-626-g8143ab4f1d (webtiles) character file.

Game seed: 16871069629385781219

10 Iich the Trooper (level 2, -2/24 HPs)
             Began as a Demonspawn Fighter on Aug 25, 2023.
             Killed from afar by a dart slug (4 damage)
             ... with a slug dart
             ... on level 1 of the Dungeon.
             The game lasted 00:00:30 (140 turns).

Iich the Trooper (Demonspawn Fighter)                Turns: 140, Time: 00:00:30

Health: -2/24      AC:  6    Str: 16    XL:     2   Next: 10%
Magic:  2/2        EV:  9    Int:  9    God:
Gold:   13         SH:  4    Dex: 12    Spells: 1/1 levels left

rFire   . . .        a - +0 war axe
rCold   . . .        c - +0 buckler
rNeg    . . .        b - +0 scale mail
rPois   .            (no helmet)
rElec   .            (no cloak)
rCorr   .            (no gloves)
SInv    .            (no boots)
Will    .....        (no amulet) Stlth
                     (no ring)
HPRegen 0.24/turn    (no ring)
MPRegen 0.08/turn

%: no passive effects
@: no status effects
A: demonic touch 1
a: no special abilities


You were on level 1 of the Dungeon.
You visited 1 branch of the dungeon, and saw 1 of its levels.

You collected 13 gold pieces.

Inventory:

Hand Weapons
 a - a +0 war axe (weapon)
Armour
 b - a +0 scale mail (worn)
 c - a +0 buckler (worn)
Scrolls
 e - a scroll of teleportation {unknown}
 f - a scroll of enchant armour {unknown}
 g - a scroll of revelation {unknown}
Potions
 d - a potion of might


   Skills:
 + Level 3.2 Fighting
 + Level 2.0 Axes
 - Level 2.6 Armour
 + Level 0.7 Dodging
 - Level 2.6 Shields


You had one spell level left.
You didn't know any spells.
Your spell library was empty.

Dungeon Overview and Level Annotations

Branches:
Dungeon (1/15)

Altars:


Innate Abilities, Weirdness & Mutations

Your touch may inflict minor irresistible damage on your foes.


Message History

You block the dart slug's attack. The dart slug barely misses you.
The dart slug launches a dart at you. The slug dart misses you.
The dart slug barely misses you. The dart slug launches a dart at you.
The slug dart misses you. You block the dart slug's attack.
The dart slug closely misses you. The dart slug launches a dart at you.
The slug dart hits you.
* * * LOW HITPOINT WARNING * * *
The dart slug launches a dart at you. You block the slug dart.
You take 4 damage, and have 2/24 hp.
The dart slug bites you but does no damage.
The dart slug closely misses you. You block the dart slug's attack.
The dart slug closely misses you. The dart slug barely misses you.
You block the dart slug's attack.
The dart slug bites you but does no damage.
The dart slug launches a dart at you. You block the slug dart.
The dart slug barely misses you. The dart slug launches a dart at you.
The slug dart hits you.
* * * LOW HITPOINT WARNING * * *
You take 3 damage, and have 2/24 hp.
The dart slug barely misses you. The dart slug barely misses you.
The dart slug barely misses you.
The dart slug bites you but does no damage.
The dart slug barely misses you. The dart slug launches a dart at you.
The slug dart hits you.
* * * LOW HITPOINT WARNING * * *
The dart slug launches a dart at you. The slug dart hits you.
You die...

#.#....#.# ..
#.#....#.### .
#..........# .#
###...##.#.##.#..
#...##..........
#####.....####.#
#.........####
#.###.......?#
#.....##@#
#.....##w#
####......
#.##...# ..#.....
####.....#
#.....# ##...##


You could see a dart slug.

Vanquished Creatures
  A gnoll (D:1)
  A frilled lizard (D:1)
2 creatures vanquished.

Notes
Turn   | Place    | Note
-------+----------+-------------------------------------------
     0 | D:1      | Iich the Demonspawn Fighter began the quest for the Orb.
     0 | D:1      | Reached XP level 1. HP: 18/18 MP: 1/1
    82 | D:1      | Discovered your monstrous ancestry.
    82 | D:1      | Gained mutation: Your touch may inflict minor irresistible
                  | damage on your foes. [demonic ancestry]
    82 | D:1      | Reached XP level 2. HP: 6/24 MP: 2/2
   139 | D:1      | HP: 1/24 [dart slug/slug dart (3)]
   140 | D:1      | Killed from afar by a dart slug

Illustrated notes

Levels and vault maps discovered:
D:1:      wander_arrival_lonely_grave, layout_loops_cross

Skill      XL: |  1 |
---------------+----+-----
Axes           | 2 |  2.0
Fighting       | |  3.2
Armour         | |  2.6
Dodging        | |  0.7
Shields        | |  2.6

Action                     || total
---------------------------++-------
  Melee: War axe           ||    12
    Use: Scroll            ||     1
 Armour: Scale mail        ||    10
  Dodge: Dodged            ||    25
  Block: Buckler           ||    11

Table legend: (Time is in decaauts)
 A = Elapsed time spent in this place.
 B = Non-inter-level travel time spent in this place.
 C = Inter-level travel time spent in this place.
 D = Time resting spent in this place.
 E = Time spent auto-exploring this place.
 F = Levels seen in this place.
 G = Mean time per level.
                   A        B        C        D        E       F      G
               +--------+--------+--------+--------+--------+-----+--------+
         Total |    146 |    146 |      0 |      0 |     58 |   1 |  146.0 |
       Dungeon |    146 |    146 |      0 |      0 |     58 |   1 |  146.0 |
               +--------+--------+--------+--------+--------+-----+--------+

Top non-repeatable levels by time:
     D:1: 146 daAuts
